Match 41054281
Unlisted

Match 41054281
End
Construct Barracks
Riflemen Squad
Riflemen Squad
Riflemen Squad
Grenade Package
Construct Medical Station
Selects Special Operations Battlegroup
Selects Raiding Flares
Infantry Support Center
Selects SSF Commando Squad
SSF Commando Squad
SSF Commando Squad
Umad
Nester
Loona
Bananenratte
豪师傅
纱条千歌
熊猫Real tiger
《第二十一条军规》
0
0

Comments sign in to comment!

No comments posted yet!